 Dungeon Crawl Stone Soup version 0.20.2-3-g29329e0561 (webtiles) character file.

193 Alfie the Shield-Bearer (level 5, -2/46 HPs)
             Began as a Hill Orc Fighter on Feb 14, 2024.
             Slain by a slave (8 damage)
             ... led by Pikel
             ... on level 4 of the Dungeon.
             The game lasted 00:03:51 (1785 turns).

Alfie the Shield-Bearer (Hill Orc Fighter)          Turns: 1785, Time: 00:03:52

Health: -2/46      AC:  7    Str: 20    XL:     5   Next: 72%
Magic:  5/5        EV:  7    Int:  8    God:
Gold:   108        SH:  9    Dex: 10    Spells: 4/4 levels left

rFire    . . .     SeeInvis .   a - +2 rapier
rCold    . . .     Gourm    .   c - +0 shield
rNeg     . . .     Faith    .   b - +0 scale mail
rPois    .         Spirit   .   (no helmet)
rElec    .         Reflect  .   (no cloak)
rCorr    .         Harm     .   (no gloves)
MR       +....                  (no boots)
Stlth    ..........             (no amulet)
Regen    0.2/turn               s - ring of protection from magic
MPRegen  0.1/turn               (no ring)

@: no status effects
A: no striking features
a: no special abilities


You were on level 4 of the Dungeon.
You were not hungry.

You visited 1 branch of the dungeon, and saw 4 of its levels.

You collected 108 gold pieces.

Inventory:

Hand Weapons
 a - a +2 rapier (weapon)
Armour
 b - a +0 scale mail (worn)
 c - a +0 shield (worn)
Jewellery
 s - a ring of protection from magic (left hand)
 x - an uncursed ring of stealth {unknown}
Scrolls
 e - 6 scrolls of enchant weapon
 k - 2 scrolls of immolation {unknown}
 l - 2 scrolls of teleportation {unknown}
 m - a scroll of enchant armour {unknown}
 n - 5 scrolls of remove curse
 p - a scroll of amnesia {unknown}
 q - a scroll of random uselessness {unknown}
 t - 2 scrolls of magic mapping
 u - a scroll of fear {unknown}
 w - 2 scrolls of identify {unknown}
Potions
 d - 2 potions of might
 g - a potion of heal wounds {unknown}
 i - a potion of haste {unknown}
 j - a potion of curing {unknown}
 o - 2 potions of mutation {unknown}
Books
 y - a book of Minor Magic

   Spells                             Type                      Level
   a - Magic Dart                     Conjuration                  1
   b - Blink                          Translocation                2
   c - Call Imp                       Summoning                    2
   d - Slow                           Hexes                        2
   e - Conjure Flame                  Conjuration/Fire             3
   f - Mephitic Cloud                 Conjuration/Poison/Air       3
Comestibles
 f - 3 bread rations
 h - 2 royal jellies
 r - 8 fruits
 v - a meat ration


   Skills:
 + Level 4.3 Fighting
 + Level 3.6 Short Blades
 + Level 4.1 Armour
 + Level 0.7 Dodging
 + Level 0.3 Stealth
 + Level 4.4 Shields


You had 4 spell levels left.
You didn't know any spells.

Dungeon Overview and Level Annotations

Branches:
Dungeon (4/15)
 Temple: D:4-7

Altars:
Fedhas

Annotations:
D:4 Pikel


Message History

An orc comes into view. It is wielding a morningstar.
The orc shouts!
You hit Pikel.
Pikel is severely wounded.
You block the slave's attack. Pikel hits you with a whip of flaming.
* * * LOW HITPOINT WARNING * * *
Pikel burns you.
* * * LOW HITPOINT WARNING * * *
You block the slave's attack. The slave barely misses you.
The slave hits you but does no damage. The slave barely misses you.
Char dumped successfully.
You hit Pikel but do no damage.
Pikel is severely wounded.
Pikel hits you with a whip of flaming.
* * * LOW HITPOINT WARNING * * *
Pikel burns you.
* * * LOW HITPOINT WARNING * * *
The slave barely misses you. The slave hits you but does no damage.
The slave barely misses you. The slave hits you!
You die...

###..........## .#
##............... .
##.............#.. .
#!...............?
#.#...............#
#.#............>.####
#...................
.#.###ppp........###.###
.$o..oK@................
.#!..(p.###+###..#...##
#..##.S# #....### #..
#..# #....## #. ...+
+.#...### # ....#
#.###...# ....#
#...>..### .....#
#..##....# .... ####.#


You could see Pikel, 4 slaves, an adder and 2 orcs.

Vanquished Creatures
  Eustachio (D:4)
  An adder (D:3)
  3 worms
  2 dart slugs
  A leopard gecko (D:3)
  An orc (D:4)
  6 bats
  2 giant cockroaches (D:2)
  3 goblins
  A hobgoblin (D:1)
  2 frilled lizards (D:2)
  6 kobolds
  7 rats
36 creatures vanquished.

Notes
Turn   | Place    | Note
-------+----------+-------------------------------------------
     0 | D:1      | Alfie the Hill Orc Fighter began the quest for the Orb.
     0 | D:1      | Reached XP level 1. HP: 19/19 MP: 1/1
   472 | D:2      | Reached XP level 2. HP: 27/27 MP: 2/2
   714 | D:2      | Reached XP level 3. HP: 33/33 MP: 3/3
  1026 | D:2      | Found a blossoming altar of Fedhas.
  1731 | D:4      | Noticed Eustachio
  1744 | D:4      | Killed Eustachio
  1744 | D:4      | Reached XP level 4. HP: 37/40 MP: 4/4
  1744 | D:4      | Reached XP level 5. HP: 43/46 MP: 5/5
  1771 | D:4      | Noticed a slave
  1774 | D:4      | Noticed a slave
  1775 | D:4      | Noticed Pikel
  1775 | D:4      | Noticed a slave
  1776 | D:4      | Noticed a slave
  1785 | D:4      | Slain by a slave

Skill      XL: |  1  2  3 |
---------------+----------+-----
Shields        | 4 |  4.4
Fighting       | 4 |  4.3
Short Blades   | 3 |  3.6
Armour         | 4 |  4.1
Dodging        | |  0.7
Stealth        | |  0.3

Action                   |  1- 3 |  4- 6 || total
-------------------------+-------+-------++-------
Melee: Rapier            |   110 |     7 ||   117
  Use: Scroll            |     4 |       ||     4
       Potion            |     1 |       ||     1
  Eat: Fruit             |     3 |       ||     3
Armor: Scale mail        |    38 |     9 ||    47
Dodge: Dodged            |    19 |     7 ||    26
Block: Shield            |    53 |     8 ||    61
